AoeStats
← 上帝之鞭

Black Forest

509033904Analyzed
4v4 RM · 7d ago on Sep 25, 2026· 57m 51s· 8 players
Game mode
Random Map
Map size
Large (8 player)
Population
200
Speed
Normal
Resources
Standard
Victory
Conquest
Starting age
Dark Age
Ending age
Imperial Age
RankedLock teamsTeams togetherTeam positionsShared explorationLock speedFull tech treeHidden civsTurbo modeCheats
Victory
Defeat
🇨🇳 Franks · China
899
+16
🇲🇽 Mongols · Mexico
876
+17
🇹🇷 Danes · Türkiye
867
+17
🇲🇽 Portuguese · Mexico
837
+18
🇨🇳 Huns · China
984
-21
🇨🇳 Persians · China
956
-20
🇦🇺 Romans · Australia
820
-14
🇨🇳 Wei · China
802
-13
oonofre355
1:00 Loom
17:41 Feudal Age
17:48 Man-at-Arms
24:52 Bloodlines
28:02 Castle Age
25:58 Double-Bit Axe
26:41 Horse Collar
29:34 Husbandry
30:11 Fletching
30:21 Padded Archer Armor
30:53 Heavy Plow
31:04 Bow Saw
33:48 Stone Mining
33:48 Gold Mining
35:22 Stone Shaft Mining
35:23 Gold Shaft Mining
34:46 Bodkin Arrow
39:16 Leather Archer Armor
41:35 Wheelbarrow
40:46 Town Watch
42:30 Light Cavalry
46:28 Imperial Age
44:13 Hand Cart
45:26 Coinage
44:57 Caravan
45:53 Scale Barding Armor
45:58 Forging
45:12 Light Cavalry
47:02 Elite Mangudai
48:04 Drill
48:46 Hoardings
48:31 Conscription
48:22 Onager
49:19 Bracer
49:56 Iron Casting
52:40 Siege Onager
56:01 Nomads
56:53 Chain Barding Armor
58:37 Chemistry
57:57 Ballistics
GK
0:31 Loom
14:33 Feudal Age
17:36 Double-Bit Axe
20:26 Wheelbarrow
19:37 Town Watch
23:01 Horse Collar
29:12 Castle Age
31:03 Town Patrol
31:16 Bow Saw
35:35 Caravan
36:06 Coinage
36:07 Hand Cart
37:43 Forging
37:34 Padded Archer Armor
37:24 Fletching
40:09 Heavy Plow
40:04 Gold Mining
40:04 Stone Mining
40:42 Fervor
41:48 Gold Shaft Mining
41:48 Stone Shaft Mining
44:00 Murder Holes
44:15 Masonry
43:57 Heated Shot
44:27 Ballistics
43:57 Guard Tower
46:35 Iron Casting
46:01 Scale Mail Armor
46:06 Scale Barding Armor
45:33 Pikeman
46:14 Squires
45:59 Arson
45:59 Gambesons
45:35 Man-at-Arms
52:31 Chain Mail Armor
52:36 Chain Barding Armor
52:11 Bodkin Arrow
52:32 Leather Archer Armor
52:14 Hamask
60:59 Imperial Age
maxrsgg1620
1:07 Loom
13:17 Feudal Age
18:00 Castle Age
18:30 Stone Mining
18:49 Horse Collar
19:00 Double-Bit Axe
28:06 Gold Mining
33:27 Imperial Age
31:34 Wheelbarrow
31:03 Padded Archer Armor
30:53 Fletching
31:04 Scale Mail Armor
32:52 Town Watch
39:05 Hand Cart
39:50 Caravan
41:06 Leather Archer Armor
41:01 Forging
40:47 Bodkin Arrow
42:24 Ballistics
43:13 Chemistry
42:58 Pikeman
43:39 Treadmill Crane
43:50 Heated Shot
45:38 Bow Saw
46:02 Ring Archer Armor
46:07 Iron Casting
46:43 Cavalier
48:14 Bracer
49:06 Husbandry
50:58 Chain Mail Armor
50:56 Scale Barding Armor
51:13 Light Cavalry
54:54 Halberdier
57:21 Circumnavigation
58:45 Plate Mail Armor
story
0:41 Loom
12:33 Feudal Age
16:47 Castle Age
15:23 Double-Bit Axe
23:22 Bow Saw
31:17 Imperial Age
29:23 Wheelbarrow
28:34 Town Watch
29:24 Town Patrol
30:38 Hand Cart
32:14 Cavalier
32:55 Husbandry
33:12 Scale Barding Armor
33:18 Forging
33:22 Fortified Wall
34:12 Chemistry
33:41 Gold Mining
33:42 Stone Mining
34:41 Chain Barding Armor
34:59 Iron Casting
33:51 Paladin
35:52 Gold Shaft Mining
35:49 Light Cavalry
37:35 Blast Furnace
37:11 Plate Barding Armor
36:36 Padded Archer Armor
36:27 Fletching
37:47 Scale Mail Armor
39:50 Conscription
39:31 Chivalry
44:32 Coinage
44:02 Caravan
52:59 Banking
53:55 Ordonnance Companies
54:38 Murder Holes
54:53 Masonry
54:49 Siege Engineers
55:05 Ballistics
54:30 Arrowslits
55:02 Leather Archer Armor
54:43 Bodkin Arrow
55:03 Chain Mail Armor
timbery.racing1
0:29 Loom
12:51 Feudal Age
15:25 Wheelbarrow
14:34 Horse Collar
15:12 Double-Bit Axe
22:31 Forging
24:40 Castle Age
23:41 Gold Mining
23:52 Stone Mining
25:37 Hand Cart
25:49 Bow Saw
25:42 Heavy Plow
26:14 Bloodlines
25:25 Light Cavalry
26:53 Pikeman
29:47 Gold Shaft Mining
30:42 Husbandry
35:04 Imperial Age
33:18 Iron Casting
33:05 Scale Barding Armor
34:24 Man-at-Arms
35:23 Scale Mail Armor
35:40 Elite Centurion
36:44 Comitatenses
35:49 Long Swordsman
38:00 Blast Furnace
37:27 Squires
37:41 Legionary
37:43 Halberdier
38:57 Chain Barding Armor
39:59 Chain Mail Armor
40:26 Ballistas
上帝之鞭
4:54 Loom
12:35 Feudal Age
21:48 Castle Age
21:31 Double-Bit Axe
21:38 Horse Collar
23:41 Husbandry
23:52 Bloodlines
27:26 Bow Saw
28:48 Wheelbarrow
28:09 Gold Mining
28:10 Stone Mining
30:31 Heavy Plow
31:43 Hand Cart
36:20 Imperial Age
35:50 Forging
35:47 Scale Barding Armor
35:52 Tuntian
36:32 Caravan
37:38 Heavy Hei Guang Cavalry
38:43 Conscription
37:51 Elite Tiger Cavalry
39:14 Iron Casting
40:57 Blast Furnace
45:17 Chain Barding Armor
我的队友很厉害
0:52 Loom
11:51 Feudal Age
14:46 Double-Bit Axe
14:46 Horse Collar
15:02 Gold Mining
21:53 Castle Age
20:41 Forging
20:30 Stone Mining
24:07 Husbandry
24:17 Scale Barding Armor
25:12 Bloodlines
28:12 Iron Casting
30:20 Chain Barding Armor
30:05 Heavy Plow
36:07 Caravan
38:47 Imperial Age
36:55 Wheelbarrow
37:10 Fletching
42:09 Blast Furnace
41:30 Hand Cart
41:03 Pikeman
41:45 Squires
42:07 Marauders
42:40 Conscription
43:07 Plate Barding Armor
42:45 Halberdier
43:41 Scale Mail Armor
45:35 Chain Mail Armor
46:30 Bodkin Arrow
48:11 Bracer
理塘雪豹王
0:32 Loom
11:40 Feudal Age
12:15 Man-at-Arms
13:07 Double-Bit Axe
18:49 Gold Mining
18:49 Stone Mining
24:24 Castle Age
26:15 Gold Shaft Mining
27:06 Wheelbarrow
26:13 Crossbowman
27:26 Bow Saw
30:09 Stone Shaft Mining
31:51 Kamandaran
33:24 Forging
33:22 Scale Barding Armor
33:08 Fletching
35:17 Hand Cart
38:26 Imperial Age
36:25 Town Watch
38:03 Thumb Ring
40:09 Chemistry
41:49 Padded Archer Armor
41:44 Fletching
42:51 Leather Archer Armor
43:02 Ballistics
Connection lost

Rejoining the realm…

Still unreachable

The connection could not be restored.

Session expired

The server has moved on; the page needs a fresh start.